 Dungeon Crawl Stone Soup version 0.31-a0-868-g674d60d6f7 (webtiles) character file.

Game seed: 7500536404019870637

1443 pokeman the Thaumaturge (level 8, 0/44 HPs)
             Began as a Deep Elf Hedge Wizard on Oct 12, 2023.
             Was an Initiate of Vehumet.
             Succumbed to a water moccasin's poison
             ... on level 6 of the Dungeon.
             The game lasted 00:09:42 (5546 turns).

pokeman the Thaumaturge (Deep Elf Hedge Wizard)     Turns: 5546, Time: 00:09:42

Health: 0/44       AC:  3    Str: 13    XL:     8   Next: 46%
Magic:  16/24      EV: 13    Int: 22    God:    Vehumet [......]
Gold:   262        SH:  0    Dex: 14    Spells: 17/27 levels left

rFire   . . .        w - +0 falchion (elec)
rCold   . . .        (no shield)
rNeg    . . .        b - +0 robe
rPois   .            k - +0 helmet
rElec   .            (no cloak)
rCorr   .            (no gloves)
SInv    .            (no boots)
Will    .....        (no amulet)
Stlth   ++           o - +6 ring of strength
HPRegen 0.27/turn    (no ring)
MPRegen 0.19/turn

%: no passive effects
@: mighty, lethally poisoned (0 -> -12), hasted, very quick
A: no striking features
a: Renounce Religion


You were on level 6 of the Dungeon.
You worshipped Vehumet.
Vehumet was noncommittal.
You visited 2 branches of the dungeon, and saw 7 of its levels.

You collected 262 gold pieces.

Inventory:

Hand Weapons
 w - a +0 falchion of electrocution (weapon)
Armour
 b - a +0 robe (worn)
 k - a +0 helmet (worn)
Jewellery
 o - a +6 ring of strength (left hand)
Scrolls
 c - 2 scrolls of blinking {unknown}
 e - 2 scrolls of teleportation {unknown}
 f - a scroll of vulnerability {unknown}
 h - 2 scrolls of identify {unknown}
 j - 4 scrolls of immolation {unknown}
 m - a scroll of enchant weapon {unknown}
 p - a scroll of silence {unknown}
 q - a scroll of enchant armour {unknown}
 t - a scroll of revelation {unknown}
 u - a scroll of poison {unknown}
Potions
 d - 2 potions of magic
 g - 3 potions of heal wounds
 l - a potion of cancellation {unknown}
 n - a potion of brilliance {unknown}
 r - 3 potions of curing {unknown}
 s - a potion of degeneration {unknown}
 v - a potion of enlightenment {unknown}


   Skills:
 + Level 2.2 Fighting
 - Level 3.0 Armour
 - Level 3.0 Dodging
 - Level 3.0 Stealth
 * Level 10.3 Spellcasting
 + Level 5.4 Conjurations
 - Level 1.1 Summonings
 - Level 1.1 Translocations
 + Level 0.7 Transmutations
 - Level 1.0 Air Magic
 + Level 0.8 Earth Magic
 - Level 1.0 Poison Magic


You had 17 spell levels left.
You knew the following spells:

 Your Spells              Type           Power      Damage    Failure   Level
a - Magic Dart            Conj           100%       1d8       1%          1
b - Mephitic Cloud        Conj/Pois/Air  22%        N/A       6%          3
c - Call Imp              Summ           32%        N/A       5%          2
d - Blink                 Tloc           32%        N/A       5%          2
e - Passwall              Tmut/Erth      11%        N/A       6%          2

Your spell library contained the following spells:

 Spells                   Type           Power      Damage    Failure   Level
 Slow                     Hex            44%        N/A       6%          1
 Cigotuvi's Dreadful Rot  Necr/Pois/Air  28%        N/A       7%          2
 Ensorcelled Hibernation  Hex/Ice        22%        N/A       9%          2
 Swiftness                Air            15%        N/A       12%         3
 Conjure Ball Lightning   Conj/Air       12%        3x3d6     94%         6
 Discord                  Hex            5%         N/A       100%        8
 Disjunction              Tloc           8%         N/A       100%        8


Dungeon Overview and Level Annotations

Branches:
Dungeon (6/15)             Temple (1/1) D:4

Altars:
Ashenzari
Cheibriados
Dithmenos
Elyvilon
Fedhas
Gozag
Kikubaaqudgha
Nemelex Xobeh
Qazlal
Ru
Sif Muna
Trog
Uskayaw
Vehumet
Xom
Yredelemnul
Zin


Message History

The water moccasin is heavily wounded.
You feel sick. The water moccasin bites you.
Unknown command.
Casting: Magic Dart (safe; 1% risk of failure)
Confirm with . or Enter, or press ? or * to list all spells.
Aiming: Magic Dart (safe; 1% risk of failure)
Press: ? - help, Shift-Dir - straight line, f/p - water moccasin
Aim: a water moccasin (heavily wounded, 100% to hit)
The magic dart hits the water moccasin.
The water moccasin is heavily wounded.
You feel sick. The water moccasin misses you. The water moccasin bites you!
Unknown command.
Casting: Magic Dart (safe; 1% risk of failure)
Confirm with . or Enter, or press ? or * to list all spells.
Aiming: Magic Dart (safe; 1% risk of failure)
Press: ? - help, Shift-Dir - straight line, f/p - water moccasin
Aim: a water moccasin (heavily wounded, 100% to hit)
The magic dart hits the water moccasin.
The water moccasin is severely wounded.
You feel sick. The water moccasin bites you.
* * * LOW HITPOINT WARNING * * *
You are lethally poisoned!
The water moccasin poisons you!
Casting: Magic Dart (safe; 1% risk of failure)
Confirm with . or Enter, or press ? or * to list all spells.
A tiny devil pulls itself out of the air.
* * * LOW HITPOINT WARNING * * *
You feel very sick. The water moccasin bites you.
* * * LOW HITPOINT WARNING * * *
The water moccasin barely misses you.
It was a potion of haste.
You feel yourself speed up.
You feel ready to blink again.
* * * LOW HITPOINT WARNING * * *
You feel very sick. The water moccasin closely misses you.
Your cerulean imp completely misses the water moccasin.
It was a potion of might.
You feel very mighty all of a sudden.
You die...

.# ###..# .#
....###.#
####......#####
.....#. .#...
...........
.....#.#.#
...####5...<.#
#.....@S.####
########.# ..
.# #


You could see a water moccasin (ally target) and a friendly cerulean imp
(summoned).

Vanquished Creatures
  Pikel (D:4)
  Eustachio (D:4)
  A water moccasin (D:4)
  A black bear (D:4)
  2 lemures
  A phantom (D:4)
  A howler monkey (D:5)
  2 hounds (D:5)
  2 orc priests (D:3)
  A sleepcap (D:4)
  Natasha (thrice) (D:2)
  An orc wizard (D:3)
  5 gnolls
  16 adders
  A white imp (D:5)
  10 dart slugs
  A worm (D:1)
  9 orcs
  9 ball pythons
  An endoplasm (D:2)
  2 giant cockroaches
  9 goblins
  7 hobgoblins
  A bat (D:3)
  A frilled lizard (D:1)
  7 kobolds
  9 rats
105 creatures vanquished.

Vanquished Creatures (others)
  A quokka (D:4)
1 creature vanquished.

Grand Total: 106 creatures vanquished

Notes
Turn   | Place    | Note
-------+----------+-------------------------------------------
     0 | D:1      | pokeman the Deep Elf Hedge Wizard began the quest for the
                  | Orb.
     0 | D:1      | Reached XP level 1. HP: 10/10 MP: 7/7
   202 | D:1      | Reached XP level 2. HP: 3/16 MP: 0/9
   661 | D:1      | Reached skill level 5 in Spellcasting
   999 | D:2      | Reached XP level 3. HP: 20/20 MP: 7/11
  1003 | D:2      | Learned a level 3 spell: Mephitic Cloud
  1006 | D:2      | Learned a level 2 spell: Call Imp
  1009 | D:2      | Learned a level 2 spell: Blink
  1516 | D:2      | Reached skill level 1 in Fighting
  1576 | D:2      | Noticed Natasha
  1582 | D:2      | Killed Natasha
  1583 | D:2      | Reached skill level 1 in Armour
  1583 | D:2      | Reached XP level 4. HP: 19/25 MP: 7/13
  1811 | D:2      | Noticed Natasha
  1820 | D:2      | Killed Natasha
  1899 | D:2      | Noticed Natasha
  1905 | D:2      | Killed Natasha
  2136 | D:3      | Reached skill level 6 in Spellcasting
  2216 | D:3      | Reached XP level 5. HP: 29/29 MP: 9/15
  2339 | D:3      | Found a basalt altar of Yredelemnul.
  2339 | D:3      | Found a bloodstained altar of Trog.
  3139 | D:3      | Reached skill level 1 in Poison Magic
  3198 | D:3      | Reached skill level 1 in Air Magic
  3218 | D:3      | Reached XP level 6. HP: 10/34 MP: 6/17
  3657 | D:4      | Reached skill level 7 in Spellcasting
  4078 | D:4      | Found a white marble altar of Elyvilon.
  4135 | D:4      | Reached XP level 7. HP: 30/40 MP: 12/20
  4212 | D:4      | Reached skill level 8 in Spellcasting
  4703 | D:4      | Found a staircase to the Ecumenical Temple.
  4711 | Temple   | Entered the Ecumenical Temple
  4726 | Temple   | Became a worshipper of Vehumet
  4821 | D:4      | Noticed Eustachio
  4852 | D:4      | Killed Eustachio
  4853 | D:4      | Reached skill level 9 in Spellcasting
  4908 | D:4      | Noticed Pikel
  4954 | D:4      | Killed Pikel
  4955 | D:4      | Reached skill level 10 in Spellcasting
  4955 | D:4      | Reached skill level 5 in Conjurations
  4955 | D:4      | Reached XP level 8. HP: 18/44 MP: 4/24
  5152 | D:4      | Learned a level 2 spell: Passwall
  5276 | D:5      | Entered Level 5 of the Dungeon
  5545 | D:6      | HP: 1/44 [poisoned by a water moccasin]
  5546 | D:6      | Succumbed to a water moccasin's poison

Illustrated notes

Levels and vault maps discovered:
D:1:      lemuel_arrival_funnel, layout_basic, nicolae_wormholes
D:2:      layout_basic, minmay_domino_2, uniq_natasha
D:3:      kennysheep_slugbush, layout_loops_corners,
          gammafunk_temple_overflow_elements
D:4:      layout_rooms, elyvilon_altar_4, minmay_temple_entry_glassed_door,
          kennysheep_flooded_box, kennysheep_doodads, nicolae_half_adder,
          uniq_eustachio, uniq_pikel
D:5:      layout_cave_pools, minmay_misc_feat_rows,
          minmay_fractal_squares_gapless_5, uniq_menkaure
D:6:      layout_loops_cross, minmay_door_square
Temple:   compressed_dpeg_circular_temple

Skill      XL: |  1  2  3  4  5  6  7 |
---------------+----------------------+-----
Spellcasting   | 5 6 7 10 | 10.3
Fighting       | 1 2 |  2.2
Armour         | 1 3 |  3.0
Conjurations   | 2 3 5 |  5.4
Dodging        | 3 |  3.0
Stealth        | 3 |  3.0
Poison Magic   | 1 |  1.0
Air Magic      | 1 |  1.0
Summonings     | |  1.1
Translocations | |  1.1
Transmutations | |  0.7
Earth Magic    | |  0.8

Action                     |  1- 3 |  4- 6 |  7- 9 || total
---------------------------+-------+-------+-------++-------
  Melee: Dagger            |     8 |    23 |    30 ||    61
         Falchion          |       |       |    20 ||    20
         Punch             |       |       |     1 ||     1
   Cast: Magic Dart        |    70 |   179 |    90 ||   339
         Mephitic Cloud    |     1 |     6 |    15 ||    22
         Call Imp          |       |     1 |     3 ||     4
         Blink             |       |       |     3 ||     3
    Use: Potion            |       |       |     3 ||     3
   Stab: Confused          |     1 |     1 |     9 ||    11
         Sleeping          |       |     1 |       ||     1
 Armour: Robe              |    10 |    36 |    59 ||   105
  Dodge: Dodged            |    10 |    27 |    76 ||   113

Table legend: (Time is in decaauts)
 A = Elapsed time spent in this place.
 B = Non-inter-level travel time spent in this place.
 C = Inter-level travel time spent in this place.
 D = Time resting spent in this place.
 E = Time spent auto-exploring this place.
 F = Levels seen in this place.
 G = Mean time per level.
                   A        B        C        D        E       F      G
               +--------+--------+--------+--------+--------+-----+--------+
         Total |   5561 |   5456 |    105 |    259 |   4304 |   7 |  794.4 |
       Dungeon |   5531 |   5440 |     91 |    259 |   4304 |   6 |  921.8 |
        Temple |     30 |     16 |     14 |      0 |      0 |   1 |   30.0 |
               +--------+--------+--------+--------+--------+-----+--------+

Top non-repeatable levels by time:
     D:3: 1613 daAuts
     D:4: 1531 daAuts
     D:2: 1152 daAuts
     D:1: 959 daAuts
     D:5: 170 daAuts
     D:6: 104 daAuts
  Temple: 30 daAuts
